 Dungeon Crawl Stone Soup version 0.28.0-53-g5a82cb258f (webtiles) character file.

Game seed: 15995882921362797855

437 Zeld the Changer (level 6, -10/51 HPs)
             Began as a Draconian Transmuter on June 5, 2022.
             Was an Initiate of Gozag.
             Mangled by Prince Ribbit (12 damage)
             ... on level 4 of the Dungeon.
             The game lasted 00:04:24 (5717 turns).

Zeld the Changer (Draconian Transmuter)             Turns: 5717, Time: 00:04:25

Health: -10/51     AC:  2    Str: 15    XL:     6   Next: 69%
Magic:  8/10       EV: 19    Int: 13    God:    Gozag
Gold:   263        SH:  0    Dex: 16    Spells: 1/11 levels left

rFire   . . .      SeeInvis +     - Unarmed
rCold   . . .      Faith    .   (shield currently unavailable)
rNeg    . . .      Spirit   .   (armour unavailable)
rPois   x          Reflect  .   (helmet currently unavailable)
rElec   .          Harm     .   (cloak currently unavailable)
rCorr   .          Rampage  .   (gloves currently unavailable)
Will    .....                   (boots currently unavailable)
Stlth   +.........              (no amulet)
HPRegen 0.17/turn               i - ring of see invisible
MPRegen 0.12/turn               (no ring)

@: spider-form (expiring)
A: venomous fangs, AC +6, tiny, unfitting armour, (cold-blooded)
a: End Transformation, Renounce Religion, Potion Petition, Call Merchant, Bribe
Branch


You were on level 4 of the Dungeon.
You worshipped Gozag.
Gozag was aware of your devotion.
You were a venomous arachnid creature.
You visited 2 branches of the dungeon, and saw 6 of its levels.

You collected 306 gold pieces.
You paid 43 gold pieces to Gozag.

Inventory:

Jewellery
 i - a ring of see invisible (left front leg)
Wands
 l - a wand of acid (10)
 n - a wand of charming (15)
Scrolls
 b - 2 scrolls of silence {unknown}
 c - a scroll of magic mapping {unknown}
 g - 2 scrolls of blinking {unknown}
 h - 4 scrolls of identify {unknown}
 j - a scroll of immolation {unknown}
 k - a scroll of fog {unknown}
 m - a scroll of summoning {unknown}
 o - a scroll of teleportation {unknown}
 q - a scroll of noise {unknown}
Potions
 a - a potion of curing
 d - a potion of might {unknown}
 e - a potion of degeneration {unknown}
 f - a potion of lignification {unknown}
 p - a potion of berserk rage
 r - a potion of ambrosia {unknown}


   Skills:
 + Level 3.3 Fighting
 - Level 1.7 Dodging
 - Level 3.0 Unarmed Combat
 + Level 3.2 Spellcasting
 - Level 2.0 Conjurations
 + Level 3.6 Transmutations
 - Level 2.0 Ice Magic
 - Level 2.0 Air Magic
 - Level 2.0 Poison Magic


You had one spell level left.
You knew the following spells:

 Your Spells              Type           Power      Damage    Failure   Level
a - Beastly Appendage     Tmut           22%        N/A       14%         1
b - Wereblood             Tmut           11%        N/A       21%         2
c - Spider Form           Tmut/Pois      9%         N/A       43%         3
d - Ice Form              Ice/Tmut       9%         N/A       77%         4

Your spell library contained the following spells:

 Spells                   Type           Power      Damage    Failure   Level
 Pain                     Necr           8%         1d4       43%         1
 Ignite Poison            Fire/Tmut/Pois 7%         N/A       52%         3
 Mephitic Cloud           Conj/Pois/Air  7%         N/A       52%         3
 Freezing Cloud           Conj/Ice/Air   3%         6-21      99%         5
 Agony                    Necr           2%         N/A       100%        5
 Excruciating Wounds      Necr           1%         N/A       100%        5


Dungeon Overview and Level Annotations

Branches:
Dungeon (5/15)             Temple (1/1) D:4

Altars:
Ashenzari
Dithmenos
Elyvilon
Fedhas
Gozag
Hepliaklqana
Makhleb
Nemelex Xobeh
Qazlal
Ru
Trog
Uskayaw
Wu Jian
Xom
Yredelemnul
Zin
The Shining One

Annotations:
D:4 Prince Ribbit


Innate Abilities, Weirdness & Mutations

You are a venomous arachnid creature.
You have poisonous fangs.
You are tiny and dextrous.
Your spellcasting is less reliable in this form.
Your armour is entirely melded.
You are incapable of wielding weapons or throwing items.
((Your plain brown scales are hard. (AC +6)))
You cannot fit into any form of body armour.
((You are cold-blooded and may be slowed by cold attacks.))


Message History

Prince Ribbit comes into view.
The iguana hisses angrily.
Prince Ribbit closely misses you. Prince Ribbit hits you.
You climb upwards.
There is a stone staircase leading down here.
Casting: Spider Form (dangerous; 22% risk of failure)
Confirm with . or Enter, or press ? or * to list all spells.
You turn into a venomous arachnid creature.
Prince Ribbit hits you!
You hit Prince Ribbit.
Prince Ribbit is lightly wounded.
Prince Ribbit completely misses you.
You hit Prince Ribbit.
Prince Ribbit is poisoned.
Prince Ribbit is lightly wounded.
Prince Ribbit hits you but does no damage.
Prince Ribbit completely misses you.
You hit Prince Ribbit.
Prince Ribbit looks as sick as possible!
Prince Ribbit is moderately wounded.
Prince Ribbit hits you!
You hit Prince Ribbit.
Prince Ribbit looks as sick as possible!
Prince Ribbit is moderately wounded.
Prince Ribbit misses you.
You bite Prince Ribbit!
Prince Ribbit looks as sick as possible!
Prince Ribbit is heavily wounded.
Prince Ribbit misses you. Prince Ribbit hits you!
* * * LOW HITPOINT WARNING * * *
You hit Prince Ribbit.
Prince Ribbit looks as sick as possible!
Prince Ribbit is severely wounded.
Your transformation is almost over.
Prince Ribbit barely misses you. Prince Ribbit hits you!
* * * LOW HITPOINT WARNING * * *
Okay, then.
Prince Ribbit hits you!
You die...
Your body crumbles into a pile of gold.

...........8......8..............
.................................
................................#
...........8......8...)........##
.............................###
.............8..8......#...###
...................##...####
...........##....#####...###
...........####.sF..>.##...##
...........# #...........#..##
...........###...........##..###
#..........##.............###..##
##.......#..#.............# ##..#
##......#................# ###.
##....###...............# ##
####..## #...............# #
#.....# #..##...........# #


You could see Prince Ribbit (extremely poisoned).

Vanquished Creatures
  3 scorpions (D:4)
  3 hounds (D:4)
  An iguana (D:4)
  An orc wizard (D:3)
  A gnoll (D:1)
  4 adders
  3 dart slugs
  9 orcs
  7 endoplasms
  A giant cockroach (D:1)
  4 goblins
  2 hobgoblins
  4 jackals
  3 kobolds
  2 quokkas
  4 ball pythons
  7 bats
  2 rats
61 creatures vanquished.

Notes
Turn   | Place    | Note
-------+----------+-------------------------------------------
     0 | D:1      | Zeld the Draconian Transmuter began the quest for the Orb.
     0 | D:1      | Reached XP level 1. HP: 16/16 MP: 3/3
    48 | D:1      | Found a faded altar of an unknown god.
   851 | D:1      | Reached XP level 2. HP: 16/23 MP: 3/5
   854 | D:1      | Learned a level 2 spell: Wereblood
   979 | D:1      | Reached skill level 1 in Ice Magic
   979 | D:1      | Reached skill level 1 in Poison Magic
  1383 | D:2      | Reached XP level 3. HP: 10/28 MP: 6/6
  1389 | D:2      | Learned a level 3 spell: Spider Form
  1833 | D:2      | Found a hide-covered altar of Uskayaw.
  3210 | D:3      | Reached skill level 1 in Conjurations
  3210 | D:3      | Reached XP level 4. HP: 13/36 MP: 4/7
  3557 | D:4      | Found an opulent altar of Gozag.
  3568 | D:4      | Became a worshipper of Gozag Ym Sagoz the Greedy
  3671 | D:4      | Reached skill level 1 in Air Magic
  3909 | D:4      | Reached XP level 5. HP: 36/41 MP: 8/8
  4298 | D:4      | Reached XP level 6. HP: 41/50 MP: 5/10
  4305 | D:4      | Learned a level 4 spell: Ice Form
  4532 | D:4      | Found a staircase to the Ecumenical Temple.
  4554 | Temple   | Entered the Ecumenical Temple
  5700 | D:5      | Entered Level 5 of the Dungeon
  5701 | D:5      | Noticed Prince Ribbit
  5714 | D:4      | HP: 2/51 [Prince Ribbit (8)]
  5717 | D:4      | Mangled by Prince Ribbit

Illustrated notes

Levels and vault maps discovered:
D:1:      dpeg_arrival_simpleton_b, layout_loops_ring,
          shapermc_ecumenical_altar_totnotflames, minmay_heptomino_l4
D:2:      layout_rooms, basic_altar
D:3:      layout_basic
D:4:      layout_cave_pods, lemuel_round_altar,
          minmay_temple_entry_antechambers, minmay_misc_feat_plants,
          minmay_misc_feat_nine_boxes
D:5:      layout_loops_ring, nicolae_sif_muna_little_library, serial_shops,
          shop_fountains, enter_ossuary_2, nrook_mini_vaults,
          uniq_prince_ribbit1, uniq_sigmund
Temple:   eino_temple_scatter_basement

Skill      XL: |  1  2  3  4  5  6 |
---------------+-------------------+-----
Ice Magic      | 1 2 |  2.0
Poison Magic   | 1 2 |  2.0
Conjurations   | 1 2 |  2.0
Air Magic      | 1 2 |  2.0
Fighting       | 2 3 |  3.3
Transmutations | 3 |  3.6
Spellcasting   | 3 |  3.2
Dodging        | |  1.7
Unarmed Combat | |  3.0

Action                   |  1- 3 |  4- 6 || total
-------------------------+-------+-------++-------
Melee: Unarmed           |    96 |    99 ||   195
       Kick              |    18 |     4 ||    22
       Headbutt          |     9 |     1 ||    10
       Tailslap          |     5 |     4 ||     9
       Punch             |     2 |       ||     2
 Cast: Beastly Appendage |    37 |     6 ||    43
       Spider Form       |     2 |    12 ||    14
Armor: Skin              |    44 |    19 ||    63
Dodge: Dodged            |    90 |   103 ||   193
